 Dungeon Crawl Stone Soup version 0.30-a0-335-ge5acde7520 (webtiles) character file.

Game seed: 9468696192524469856

61 gruber the Conjurer (level 3, -4/16 HPs)
             Began as a Spriggan Conjurer on Oct 30, 2022.
             Killed from afar by Sigmund (11 damage)
             ... with a puff of flame
             ... on level 2 of the Dungeon.
             The game lasted 00:00:58 (1653 turns).

gruber the Conjurer (Spriggan Conjurer)             Turns: 1653, Time: 00:00:58

Health: -4/16      AC:  2    Str:  3    XL:     3   Next: 83%
Magic:  2/8        EV: 17    Int: 21    God:
Gold:   55         SH:  0    Dex: 13    Spells: 4/7 levels left

rFire   . . .      SeeInvis +    (weapon restricted)
rCold   . . .      Faith    .    (no shield)
rNeg    . . .      Spirit   .    a - +0 robe
rPois   .          Reflect  .    (helmet restricted)
rElec   .          Harm     .    (no cloak)
rCorr   .          Rampage  .    (gloves unavailable)
Will    .....                    (boots unavailable)
Stlth   +.........               (no amulet)
HPRegen 0.22/turn                (no ring)
MPRegen 0.11/turn                (no ring)

@: confused, very quick
A: very small, no large weapons, unfitting armour, see invisible, speed 3
a: no special abilities


You were on level 2 of the Dungeon.
You visited 1 branch of the dungeon, and saw 2 of its levels.

You collected 55 gold pieces.

Inventory:

Armour
 a - a +0 robe (worn)
Scrolls
 d - a scroll of identify {unknown}
 e - a scroll of noise {unknown}
 g - 2 scrolls of teleportation {unknown}
Potions
 b - 2 potions of magic
 c - 2 potions of attraction {unknown}
 f - a potion of resistance {unknown}
 h - a potion of might {unknown}


   Skills:
 - Level 2.6 Dodging
 - Level 3.0 Stealth
 - Level 2.6 Spellcasting
 + Level 4.1 Conjurations


You had 4 spell levels left.
You knew the following spells:

 Your Spells              Type           Power      Damage    Failure   Level
a - Magic Dart            Conj           80%        1d7       2%          1
b - Searing Ray           Conj           40%        2d5       3%          2

Your spell library contained the following spells:

 Spells                   Type           Power      Damage    Failure   Level
 Dazzling Flash           Conj/Hex       22%        N/A       17%         3
 Ensorcelled Hibernation  Hex/Ice        4%         N/A       21%         2
 Passwall                 Tmut/Erth      1%         N/A       21%         2
 Swiftness                Air            2%         N/A       38%         3
 Fulminant Prism          Conj/Hex       5%         3d7       50%         4
 Iskenderun's Mystic Bla  Conj/Tloc      11%        2d4       50%         4


Dungeon Overview and Level Annotations

Branches:
Dungeon (2/15)

Altars:
Sif Muna

Annotations:
D:2 Sigmund


Innate Abilities, Weirdness & Mutations

You are very small and have problems with some larger weapons.
You are too small for most types of armour.
You have supernaturally acute eyesight. (SInv)
You cover ground extremely quickly. (Speed+++)


Message History

The magic dart hits the hobgoblin.
You kill the hobgoblin!
You can't see any susceptible monsters within range! (Use Z to cast anyway.) Key pressed, stopping explore.
You can't see any susceptible monsters within range! (Use Z to cast anyway.) Key pressed, stopping explore.
You can't see any susceptible monsters within range! (Use Z to cast anyway.)
A gnoll is nearby!
A gnoll is nearby!
A gnoll is nearby!
The magic dart hits the gnoll.
The gnoll is moderately wounded.
The gnoll shouts!
The magic dart hits the gnoll.
The gnoll is severely wounded.
The magic dart hits the gnoll but does no damage.
The gnoll is severely wounded.
Sigmund the Dreaded comes into view.
He is wielding a +0 scythe and carrying a wand of flame (17).
The magic dart hits the gnoll.
The gnoll is almost dead.
Sigmund shouts!
The magic dart hits the gnoll.
You kill the gnoll!
The magic dart hits Sigmund.
Sigmund is lightly wounded.
Sigmund casts a spell at you.
You are confused.
You're too confused to cast spells.
Unknown command.
Unknown command.
You bump into the rock wall.
The gnoll shouts!
Sigmund casts a spell at you. The puff of flame hits you!
Ouch! That really hurt!
You bump into the rock wall.
You bump into the rock wall.
Sigmund zaps a wand.
The puff of flame misses you.
Sigmund zaps a wand.
The puff of flame hits you!
Ouch! That really hurt!
You die...

# # .... # .... #..... # ....
......# #### # )... ....... #..#
# g†.. ......)###..# # ....
......[#....# # ....
.......#@##.# # #
.......#.##.#############
######.#....)..'.##..............
'..........g...##################
######.......@. '.......###...#
#######. #.... ##### #.... ....#
##...


You could see Sigmund.

Vanquished Creatures
  3 gnolls (D:2)
  4 bats
  3 endoplasms
  2 goblins (D:1)
  4 hobgoblins
  5 kobolds
  2 quokkas (D:1)
  2 ball pythons
  3 frilled lizards
  4 rats (D:1)
32 creatures vanquished.

Notes
Turn   | Place    | Note
-------+----------+-------------------------------------------
     0 | D:1      | gruber the Spriggan Conjurer began the quest for the Orb.
     0 | D:1      | Reached XP level 1. HP: 9/9 MP: 5/5
    36 | D:1      | Reached skill level 3 in Conjurations
   362 | D:1      | Reached XP level 2. HP: 13/13 MP: 4/6
   458 | D:1      | Learned a level 2 spell: Searing Ray
  1371 | D:2      | Reached XP level 3. HP: 16/16 MP: 5/8
  1418 | D:2      | Found a shimmering blue altar of Sif Muna.
  1471 | D:2      | Reached skill level 4 in Conjurations
  1645 | D:2      | Noticed Sigmund
  1653 | D:2      | Killed from afar by Sigmund

Illustrated notes

Levels and vault maps discovered:
D:1:      dpeg_arrival_erosion, layout_loops_ring, minmay_heptomino_d4
D:2:      layout_basic, basic_altar, serial_shops,
          nicolae_shop_competitors_out_of_business, nicolae_square_shop,
          uniq_crazy_yiuf_cottage, uniq_sigmund, uniq_natasha

Skill      XL: |  1  2  3 |
---------------+----------+-----
Conjurations   | 3 4 |  4.1
Dodging        | |  2.6
Stealth        | |  3.0
Spellcasting   | |  2.6

Action                   || total
-------------------------++-------
Melee: Unarmed           ||     7
 Cast: Magic Dart        ||    84
Dodge: Dodged            ||    19

Table legend: (Time is in decaauts)
 A = Elapsed time spent in this place.
 B = Non-inter-level travel time spent in this place.
 C = Inter-level travel time spent in this place.
 D = Time resting spent in this place.
 E = Time spent auto-exploring this place.
 F = Levels seen in this place.
 G = Mean time per level.
                   A        B        C        D        E       F      G
               +--------+--------+--------+--------+--------+-----+--------+
         Total |   1307 |   1261 |     46 |      0 |   1095 |   2 |  653.5 |
       Dungeon |   1307 |   1261 |     46 |      0 |   1095 |   2 |  653.5 |
               +--------+--------+--------+--------+--------+-----+--------+

Top non-repeatable levels by time:
     D:1: 1054 daAuts
     D:2: 252 daAuts
